 Dungeon Crawl Stone Soup version 0.20-a0-350-ga83eecc (webtiles) character file.

219 snakesoul the Skirmisher (level 5, -17/47 HPs)
             Began as a Minotaur Fighter on Dec 24, 2016.
             Demolished by an ogre
             ... wielding a cursed -2 giant club
              (19 damage)
             ... on level 4 of the Dungeon.
             The game lasted 00:03:12 (2652 turns).

snakesoul the Skirmisher (Minotaur Fighter)         Turns: 2652, Time: 00:03:13

Health: -17/47     AC: 11    Str: 20    XL:     5   Next: 63%
Magic:  4/4        EV:  5    Int:  5    God:
Gold:   178        SH:  9    Dex: 11    Spells: 4/4 levels left

rFire  . . .     SeeInvis .     a - +0 long sword
rCold  . . .     Gourm    +     n - +0 chain mail
rNeg   . . .     Faith    .     c - +0 shield
rPois  .         Spirit   .     (helmet restricted)
rElec  .         Reflect  .     (no cloak)
rCorr  .         Harm     .     (no gloves)
MR     .....                    (no boots)
Stlth  ..........               u - amulet of the gourmand
                                (no ring)
                                l - +2 ring of protection

@: no status effects
A: retaliatory headbutt, horns 2
a: no special abilities


You were on level 4 of the Dungeon.
You were completely stuffed.

You visited 1 branch of the dungeon, and saw 4 of its levels.

You collected 178 gold pieces.

Inventory:

Hand Weapons
 a - a +0 long sword (weapon)
Armour
 c - a +0 shield (worn)
 n - a +0 chain mail (worn)
Jewellery
 l - a +2 ring of protection (left hand)
 u - an amulet of the gourmand (around neck)
 v - an uncursed ring of protection from cold {unknown}
Scrolls
 e - 3 scrolls of identify {unknown}
 i - a scroll of enchant weapon {unknown}
 j - 3 scrolls of remove curse {unknown}
 m - a scroll of noise {unknown}
 o - a scroll of teleportation {unknown}
 r - a scroll of blinking {unknown}
 s - a scroll of recharging {unknown}
 w - a scroll of enchant armour {unknown}
 y - a scroll of fog {unknown}
Potions
 b - 2 potions of curing
 d - a potion of might
 g - 3 potions of haste {unknown}
 h - a potion of resistance {unknown}
 k - a potion of flight {unknown}
 p - 2 potions of cancellation {unknown}
 t - a potion of lignification {unknown}
Comestibles
 f - 2 bread rations
 q - 2 meat rations
 x - 2 chunks of flesh


   Skills:
 + Level 4.8 Fighting
 * Level 4.6 Long Blades
 + Level 4.7 Armour
 + Level 4.8 Shields


You had 4 spell levels left.
You didn't know any spells.

Dungeon Overview and Level Annotations

Branches:
Dungeon (4/15)
 Temple: D:4-7

Altars:
Fedhas
Gozag
Qazlal
Trog
Yredelemnul


Innate Abilities, Weirdness & Mutations

You reflexively headbutt those who attack you in melee.
You have a pair of horns on your head.


Message History

The ogre is moderately wounded.
You block the ogre's attack.
You hit the ogre.
The ogre is heavily wounded.
You block the ogre's attack.
You hit the ogre.
The ogre is heavily wounded.
The ogre hits you with a giant club!!
* * * LOW HITPOINT WARNING * * *
You are too injured to fight recklessly!
You are too injured to fight recklessly!
You are too injured to fight recklessly!
You hit the ogre.
The ogre is severely wounded.
The ogre hits you with a giant club!
* * * LOW HITPOINT WARNING * * *
You slash the ogre!
The ogre is almost dead.
The ogre hits you with a giant club!!
You die...

#........ #........##
#......<.. #......#.#
#......#.## #
#.........#.#### #
#.)..O.........#.#
##.###@##.#####.#.#
.....$.....>.......#
.##.######.#####.#####
...#.........#
#####.######### #.#
#.# #.# #.#


You could see an ogre.

Vanquished Creatures
  Jessica (D:3)
  Natasha (D:2)
  Terence (D:2)
  Ijyb (D:2)
  4 adders
  An ooze (D:1)
  2 worms
  A dart slug (D:1)
  2 leopard geckos
  10 orcs
  4 bats
  2 giant cockroaches
  2 gnoll zombies (D:3)
  4 goblins
  9 hobgoblins
  4 kobolds
  2 quokkas (D:3)
  4 frilled lizards
  7 rats
62 creatures vanquished.

Notes
Turn   | Place    | Note
-------+----------+-------------------------------------------
     0 | D:1      | snakesoul the Minotaur Fighter began the quest for the Orb.
     0 | D:1      | Reached XP level 1. HP: 19/19 MP: 0/0
   127 | D:1      | Reached XP level 2. HP: 27/27 MP: 1/1
   664 | D:2      | Found a blossoming altar of Fedhas.
   681 | D:2      | Noticed Terence
   689 | D:2      | Killed Terence
   689 | D:2      | Reached XP level 3. HP: 33/33 MP: 2/2
   743 | D:2      | Noticed Ijyb
   756 | D:2      | Killed Ijyb
   756 | D:2      | Reached XP level 4. HP: 38/40 MP: 3/3
   900 | D:2      | Found a bloodstained altar of Trog.
  1118 | D:2      | Noticed Natasha
  1121 | D:2      | Killed Natasha
  1775 | D:3      | Found an opulent altar of Gozag.
  1786 | D:3      | Reached XP level 5. HP: 47/47 MP: 4/4
  1791 | D:3      | Found a stormy altar of Qazlal.
  2061 | D:3      | Noticed Jessica
  2080 | D:3      | Killed Jessica
  2351 | D:3      | Found a basalt altar of Yredelemnul.
  2640 | D:4      | Noticed an ogre
  2651 | D:4      | HP: 2/47 [ogre/giant club (7)]
  2652 | D:4      | Demolished by an ogre

Vault maps used:
D:1:      matt_arrival_refuge, serial_park_tiny_2, st_stairs_7
D:2:      old_standard_altar, bloody_trog, minmay_misc_feat_enclosed,
          roderic_lattice_a, uniq_terence, uniq_iyjb, uniq_natasha
D:3:      nicolae_gozag_seed_capital, lemuel_zombie_altar_yredelemnul,
          nicolae_overflow_crystal_walls, lemuel_flame_loot_1, uniq_jessica
D:4:      first_bread

Skill      XL: |  1  2  3  4 |
---------------+-------------+-----
Fighting       | 4 |  4.8
Shields        | 4 |  4.8
Long Blades    | 3 4 |  4.6
Armour         | 4 |  4.7

Action                   |  1- 3 |  4- 6 || total
-------------------------+-------+-------++-------
Melee: Long sword        |    54 |   124 ||   178
       Headbutt          |    10 |    25 ||    35
  Eat: Chunk             |       |    22 ||    22
Armor: Scale mail        |    27 |       ||    27
       Chain mail        |     3 |    47 ||    50
Dodge: Dodged            |    20 |    19 ||    39
Block: Shield            |    22 |    48 ||    70
       Rpst.: Long sword |     3 |     4 ||     7
